 Dungeon Crawl Stone Soup version 0.17-a0-1485-g22cb0ee (webtiles) character file.

559699 Raurakos the Imperceptible (level 27, -11/191 HPs)
             Began as a Halfling Warper on July 2, 2015.
             Was the Champion of Dithmenos.
             Killed by drain life
             ... invoked by a deathcap
             ... summoned by a curse toe
              (16 damage)
             ... on level 3 of the Realm of Zot on July 5, 2015.
             The game lasted 10:52:25 (89523 turns).

Raurakos the Imperceptible (Halfling Warper)       Turns: 89523, Time: 10:52:25

Health: -11/191    AC: 20    Str: 17    XL:     27
Magic:  34/35      EV: 34    Int: 15    God:    Dithmenos [******]
Gold:   4165       SH: 21    Dex: 24    Spells: 9 memorised, 18 levels left

rFire  + + .     SeeInvis +     a - +5 rapier (elec)
rCold  + . .     Clarity  +     j - +1 faerie dragon armour {SInv Clar}
rNeg   . . .     SustAt   .     M - +3 shield {rF+}
rPois  .         Gourm    .     O - +1 helmet
rElec  +         Spirit   .     q - +2 cloak {+Inv}
rCorr  .         Warding  .     I - +2 pair of gloves
rMut   .         Stasis   .     u - +2 pair of boots of the Assassin {DetectMon Stab+ Stlth++}
MR     ++...                    Z - amulet of regeneration
Stlth  ++++++++++               r - ring of Moesorei {+Blink rF+ rC+ AC-2}
                                V - +6 ring of strength

@: about to teleport, wreathed by umbra, repel missiles, very resistant to
hostile enchantments, uncannily stealthy
A: mutation resistance 1, electricity resistance
a: Shadow Step, Shadow Form, Renounce Religion, Evoke Blink, Evoke Invisibility
}: 3/15 runes: decaying, serpentine, abyssal


You were on level 3 of the Realm of Zot.
You worshipped Dithmenos.
Dithmenos was exalted by your worship.
You were not hungry.

You visited 9 branches of the dungeon, and saw 49 of its levels.
You visited the Abyss 3 times.
You also visited: Labyrinth and Ossuary.

You collected 6148 gold pieces.
You spent 1983 gold pieces at shops.

Inventory:

Hand weapons
 a - a +5 rapier of electrocution (weapon)
 b - the +4 greatsling of Cunwyrint {venom, -Tele +Fly Int+4}
   (You acquired it on level 1 of the Lair of Beasts)

   It poisons the ammo it fires.
   It affects your intelligence (+4).
   It lets you fly.
   It prevents most forms of teleportation.
Missiles
 g - 100 sling bullets
 s - 7 throwing nets (quivered)
 N - 16 sling bullets of frost
Armour
 j - the +1 faerie dragon armour (worn) {SInv Clar}
   (You took it off the Enchantress on level 4 of the Depths)

   It lets you see invisible.
   It protects you against confusion.
 q - a +2 cloak of invisibility (worn)
 u - the +2 pair of boots of the Assassin (worn) {DetectMon Stab+ Stlth++}
   (You found it on level 4 of the Snake Pit)

   It makes you much more stealthy.
 I - a +2 pair of gloves (worn)
 M - a +3 shield of fire resistance (worn)
 O - a +1 helmet (worn)
Jewellery
 c - an uncursed amulet of warding
 i - an uncursed ring of protection from fire
 n - an uncursed ring of teleportation
 r - the ring of Moesorei (right hand) {+Blink rF+ rC+ AC-2}
   (You found it on level 2 of the Lair of Beasts)

   [ring of protection]

   It affects your AC (-2).
   It protects you from fire.
   It protects you from cold.
   It lets you blink.
 x - the ring "Imathy" {MR+ Dex+2 Stlth+}
   (You took it off a skeletal warrior on level 1 of the Depths)

   [ring of protection from magic]

   It affects your dexterity (+2).
   It affects your resistance to hostile enchantments.
   It makes you more stealthy.
 E - an uncursed ring of sustain attributes
 F - the amulet "Urolun" {rMut rPois Str+4 Int-3}
   (You found it in a labyrinth)

   [amulet of resist mutation]

   It protects you from mutation.
   It affects your strength (+4).
   It affects your intelligence (-3).
   It protects you from poison.
 P - the ring "Byr Saff" {rC++ rN+ Stlth-}
   (You found it on level 2 of the Depths)

   [ring of loudness]

   It greatly protects you from cold.
   It protects you from negative energy.
   It makes you less stealthy.
 V - a +6 ring of strength (left hand)
 Z - an amulet of regeneration (around neck)
Magical devices
 k - a wand of digging (9)
 B - a wand of heal wounds (5)
 W - a wand of teleportation (4)
Scrolls
 d - 9 scrolls of blinking
 m - 3 scrolls of holy word
 o - 6 scrolls of magic mapping
 t - 8 scrolls of teleportation
 y - 8 scrolls of recharging
 G - 16 scrolls of remove curse
 H - 6 scrolls of fog
 J - 12 scrolls of identify
 K - 3 scrolls of fear
 L - 4 scrolls of summoning
 R - 4 scrolls of silence
Potions
 l - 10 potions of heal wounds
 p - 8 potions of might
 v - 6 potions of flight
 z - 2 potions of cure mutation
 A - a potion of resistance
 Q - 7 potions of agility
 S - 15 potions of curing
 T - 2 potions of haste
 Y - 7 potions of cancellation
Miscellaneous
 e - 3 phantom mirrors
Comestibles
 f - 13 bread rations
 h - 3 beef jerkies
 w - 6 meat rations
 D - a slice of pizza
 X - 41 fruits


   Skills:
 + Level 16.7 Fighting
 - Level 14.0 Short Blades
 - Level 10.0(10.1) Slings
 - Level 1.3(5.9) Throwing
 - Level 10.0 Armour
 - Level 18.0 Dodging
 - Level 21.0 Stealth
 - Level 21.0 Shields
 - Level 8.0 Spellcasting
 - Level 5.0 Conjurations
 - Level 5.2 Hexes
 - Level 15.0 Charms
 - Level 6.0 Translocations
 - Level 5.0 Air Magic
 - Level 10.1 Invocations
 - Level 13.0 Evocations


You had 18 spell levels left.
You knew the following spells:

 Your Spells              Type           Power        Failure   Level  Hunger
a - Apportation           Tloc           ###.......   1%          1    None
b - Blink                 Tloc           N/A          1%          2    None
c - Shroud of Golubria    Chrm/Tloc      #####.....   1%          2    None
d - Dazzling Spray        Conj/Hex       ###.....     8%          3    ##.....
e - Teleport Other        Tloc           ###.....     4%          3    ##.....
f - Repel Missiles        Chrm/Air       #####.       1%          2    None
g - Swiftness             Chrm/Air       #####...     1%          2    None
h - Haste                 Chrm           ######..     6%          6    #######
i - Portal Projectile     Tloc           ###...       4%          3    ##.....


Dungeon Overview and Level Annotations

Branches:
Dungeon (15/15)            Temple (1/1) D:4            Lair (8/8) D:8
  Swamp (4/4) Lair:4        Snake (4/4) Lair:6        Slime (0/6) Lair:8
    Orc (4/4) D:12            Elf (0/3) Orc:4        Vaults (4/5) D:13
 Depths (5/5) D:15            Zot (4/5) Depths:5
  Crypt: Vaults:2-3

Altars:
Ashenzari
Cheibriados
Dithmenos
Elyvilon
Fedhas
Gozag
Kikubaaqudgha
Makhleb
Nemelex Xobeh
Okawaru
Qazlal
Ru
Sif Muna
Trog
Vehumet
Xom
Yredelemnul
Zin
The Shining One
Beogh
Jiyva
Lugonu

Shops:
D:5 !   D:13 (   Orc:4 :*[:   Snake:1 (   Vaults:1 *   Vaults:2 (=**
Depths:1 !   Depths:2 =!   Depths:3 [

Portals:
Hell: Depths:1 Depths:2 Depths:3 Depths:4 Depths:5
Abyss: Depths:1 Depths:4 Depths:5
Pandemonium: Depths:3
Ziggurat: Depths:2

Annotations:
D:6 exclusion: statue
Swamp:2 exclusion: Roxanne, Roxanne
Orc:3 Nergalle, Rupert
Depths:5 Fusha's ghost, legendary NaGl
Zot:1 exclusion: orb of fire


Innate Abilities, Weirdness & Mutations

You are small and have problems with some larger weapons.
You are somewhat resistant to further mutation.
You are resistant to electric shocks.


Message History

Read which item? (? for menu, Esc to quit)
Okay, then.
Press: ? - help, v - describe, . - travel
Here: a curse toe (black smoke, moderately damaged, umbra)
A stone staircase leading down.
Read which item? (? for menu, Esc to quit)
As you read the scroll of teleportation, it crumbles to dust.
You feel strangely unstable.
Cast which spell? (? or * to list)
You blink.
Your surroundings suddenly seem different.
The deathcap draws from the surrounding life force!
* * * LOW HITPOINT WARNING * * *
The deathcap draws from the surrounding life force!
* * * LOW HITPOINT WARNING * * *
Read which item? (? for menu, Esc to quit)
As you read the scroll of teleportation, it crumbles to dust.
You feel strangely unstable.
The deathcap draws from the surrounding life force!
You die...

##..##.[.##
##(.##...###
##..##...[##
##)X##....##
##..##....##
##.)##.)..##
##..##..[.##
##..##....##
##....@...##
##.......f#
##..>..f.##
##....fff##
##.....z.##
##....f§§##
##.).f§§§## ##
##.......## #.
##.§.....#####.


You could see a curse toe, 2 deathcaps and 5 wandering mushrooms.

Vanquished Creatures
  Sojobo (Vaults:4)
  Frederick (Vaults:1)
  Margery (Depths:1)
  Saint Roka (Depths:2)
  5 Killer Klowns
  A curse toe (Zot:2)
  7 golden dragons
  Nikola (Swamp:2)
  Jory (Depths:3)
  the Enchantress (Depths:4)
  A bone dragon (Depths:5)
  An electric golem (Zot:1)
  Jorgrun (Snake:3)
  5 tentacled monstrosities
  3 liches
  A quicksilver dragon (Zot:2)
  4 titans
  A sphinx (Depths:2)
  A tentacled starspawn (Abyss:3)
  A storm dragon (shapeshifter) (Vaults:3)
  3 shadow dragons
  2 thorn hunters
  5 tengu reavers
  5 storm dragons
  3 draconian monks (Zot:2)
  16 greater nagas
  12 frost giants
  Wiglaf (Snake:3)
  13 vault wardens
  2 orc warlords
  3 ghost moths
  2 deep elf sorcerers (Vaults:1)
  4 draconian knights
  Louise (Snake:1)
  3 draconian zealots (Zot:2)
  4 draconian scorchers
  11 fire giants
  5 draconian shifters
  A war gargoyle (Depths:4)
  3 spriggan defenders
  3 draconian annihilators
  12 ironheart preservers
  11 very ugly things
  3 deep elf demonologists
  An ophan (Depths:4)
  3 green draconians
  A draconian caller (Zot:3)
  A reaper (Depths:4)
  17 stone giants
  Nessos (D:12)
  3 red draconians
  6 vampire knights
  A salamander firebrand (Depths:3)
  7 black draconians
  A salamander stormcaller (Vaults:4)
  5 mottled draconians
  4 purple draconians
  7 yellow draconians
  3 dire elephants (Zot:2)
  7 white draconians
  16 ettins
  Snorg (Orc:4)
  An eidolon (Abyss:3)
  A merfolk javelineer (Depths:4)
  A blizzard demon (Depths:4)
  16 vault guards
  18 fire dragons
  3 jiangshi
  4 death cobs
  26 hydras
  10 rakshasas
  11 yaktaur captains
  12 entropy weavers
  2 minotaurs
  15 ice dragons
  14 great orbs of eyes
  11 ogre magi
  22 naga warriors
  A monstrous demonspawn (Depths:3)
  14 anacondas
  Erica (D:8)
  A catoblepas (Depths:4)
  16 centaur warriors
  4 spriggan air magi
  A satyr (shapeshifter) (Vaults:3)
  A merfolk aquamancer (Depths:2)
  12 deep troll shamans
  11 alligators
  9 deep troll earth magi
  5 death yaks (Lair:7)
  5 orc high priests
  5 tengu warriors
  A satyr (Abyss:3)
  20 naga sharpshooters
  A soul eater (Depths:3)
  5 thrashing horrors (Abyss:3)
  2 spriggan berserkers
  2 vampire magi
  23 spriggans
  4 deep elf knights
  6 hell hogs
  17 hell knights
  2 wretched stars (Abyss:3)
  4 iron trolls
  8 shock serpents
  A titan skeleton (Depths:1)
  4 skeletal warriors
  A fire crab (Vaults:3)
  11 shadow wraiths
  A storm dragon skeleton (Vaults:2)
  7 salamander mystics
  7 unseen horrors
  A shadow demon (Depths:3)
  5 shambling mangroves
  An ice devil (Depths:4)
  A deep elf summoner (Vaults:1)
  6 hill giants
  A sea snake (shapeshifter) (Vaults:2)
  6 necromancers
  29 deep trolls
  5 flayed ghosts (Depths:3)
  7 naga ritualists
  7 giant orange brains
  8 swamp dragons
  13 ironbrand convokers
  Pikel (D:8)
  7 harpies
  A putrid demonspawn (Depths:3)
  4 deep elf conjurers
  4 phantasmal warriors
  3 lindwurms
  13 orc knights
  4 wizards
  A water nymph (Abyss:3)
  58 ugly things
  A fire giant zombie (Depths:1)
  3 wolf spiders
  11 mana vipers
  6 cyclopes
  A manticore (D:13)
  A salamander (shapeshifter) (Vaults:2)
  34 black mambas
  5 hornets
  4 large abominations (Abyss:3)
  20 salamanders
  10 moths of wrath
  4 orc sorcerers (Orc:4)
  10 vault sentinels
  A human skeleton (Vaults:2)
  A stone giant skeleton (Vaults:2)
  14 elephants
  4 griffons
  11 guardian serpents
  A black mamba (shapeshifter) (Vaults:3)
  Joseph (D:7)
  28 naga magi
  2 octopodes (shapeshifter)
  6 kobold demonologists
  10 gargoyles
  A torpor snail (Lair:7)
  7 komodo dragons
  A yaktaur zombie (Vaults:2)
  A smoke demon (Abyss:3)
  2 orange demons (Abyss:3)
  13 spiny frogs
  2 ancient zymes (Abyss:3)
  A komodo dragon (shapeshifter) (Vaults:4)
  A spriggan skeleton (Depths:1)
  3 fire drakes
  A yaktaur (shapeshifter) (Vaults:4)
  55 yaktaurs
  A hellwing (Abyss:3)
  4 freezing wraiths
  5 tengu conjurers
  A red devil (Depths:3)
  An efreet (D:15)
  A merfolk (shapeshifter) (Depths:2)
  5 deep elf priests
  4 spriggan druids
  4 polar bears
  3 jumping spiders
  An entropy weaver zombie (Depths:1)
  A wind drake (Depths:4)
  8 trolls
  3 merfolk (Depths:2)
  7 giant leeches
  42 slime creatures
  17 two-headed ogres
  5 boulder beetles
  A queen bee (shapeshifter) (Depths:3)
  A spriggan zombie (Depths:1)
  A boulder beetle (shapeshifter) (Depths:1)
  7 bog bodies
  2 snapping turtles (shapeshifter)
  A hornet zombie (D:12)
  A trapdoor spider zombie (D:13)
  2 air elementals (Depths:4)
  5 small abominations (Abyss:3)
  16 blink frogs
  A stone giant simulacrum (Depths:1)
  6 water elementals
  14 redbacks
  3 wyverns
  A wraith (D:14)
  12 shadows
  A fire elemental (Depths:3)
  3 trapdoor spiders
  2 fire bats (shapeshifter) (Vaults:4)
  19 wolves (Lair:8)
  48 yaks
  2 tarantellas
  11 deep elf fighters
  6 deep elf magi
  47 vampire mosquitoes
  3 basilisks
  14 hippogriffs
  A steam dragon (D:8)
  5 hungry ghosts
  4 mottled dragons
  27 swamp worms
  105 nagas
  A harpy simulacrum (Depths:4)
  6 humans (Zot:2)
  3 wargs
  13 insubstantial wisps
  5 ice beasts
  42 water moccasins
  3 black bears (Lair:8)
  10 porcupines
  6 sky beasts
  Duvessa (D:5)
  19 wasps
  8 hell hounds
  11 swamp drakes
  34 ogres
  A necrophage (D:13)
  An eye of draining (D:15)
  32 orc warriors
  34 centaurs
  11 crocodiles
  4 boggarts
  7 phantoms
  5 big kobolds
  4 brain worms
  3 human zombies (Vaults:2)
  21 giant frogs
  2 wyvern zombies
  An earth elemental (Lab)
  2 scorpions
  Dowan (D:5)
  2 troll zombies (D:12)
  7 wights
  2 electric eels (Lair:1)
  11 killer bees
  An elf skeleton (Vaults:2)
  3 quasits
  3 iron imps
  3 starcursed masses (Abyss:3)
  45 orc wizards
  5 crimson imps
  3 centaur zombies
  7 jellies
  A gnoll shaman (D:6)
  Ijyb (D:3)
  9 hounds
  2 human simulacra
  20 orc priests
  11 iguanas
  5 centaur skeletons
  4 giant frog skeletons
  Terence (D:4)
  8 worker ants
  14 sheep
  3 big kobold zombies (Ossuary)
  4 ogre zombies (D:12)
  A hound zombie (D:11)
  6 mummies
  3 worker ant zombies
  8 gnolls
  72 river rats
  29 adders
  11 shadow imps
  13 white imps
  2 giant eyeballs (Depths:2)
  An ufetubus (Depths:3)
  An ooze (D:7)
  An adder zombie (D:7)
  4 worms
  6 giant geckos
  176 orcs
  20 bats
  4 bat skeletons
  2 bat zombies
  6 giant cockroaches
  26 hobgoblins
  2 quokkas
  A ball python (D:3)
  2 giant cockroach zombies (D:3)
  A giant gecko skeleton (D:9)
  A giant gecko zombie (D:3)
  6 giant newts
  13 goblins
  5 hobgoblin zombies
  13 jackals
  30 kobolds
  A kobold zombie (D:4)
  5 orc skeletons (D:12)
  12 orc zombies
  A quokka zombie (D:3)
  22 rats
  A fungus (D:8)
2554 creatures vanquished.

Vanquished Creatures (collateral kills)
  A jiangshi (Depths:4)
  A deep troll earth mage (Depths:4)
  2 deep trolls (Depths:4)
  A spriggan druid (Swamp:4)
  A freezing wraith (Vaults:3)
  A bog body (Swamp:4)
  A swamp worm (Swamp:4)
  A swamp drake (Swamp:4)
9 creatures vanquished.

Vanquished Creatures (others)
  The ghost of nubinia the Devastator, a powerful TeFE of Ashenzari (Swamp:1)
  2 yaktaur captains
  A deep troll (Depths:2)
  An ugly thing (Vaults:3)
  An orc sorcerer (Depths:2)
  2 yaktaurs
  A spriggan (Swamp:4)
  A vampire mosquito (Vaults:2)
  A naga (Snake:4)
  3 orc warriors
  A slave (D:8)
  3 ogres
  2 orc wizards (D:8)
  3 orcs
  A hobgoblin (D:8)
  3 kobolds (D:8)
  2 rats (D:8)
  A fire vortex (D:15)
  30 fungi
  60 plants
  2 starspawn tentacles (Abyss:3)
  15 starspawn tentacle segments (Abyss:3)
137 creatures vanquished.

Grand Total: 2700 creatures vanquished

Notes
Turn   | Place    | Note
--------------------------------------------------------------
     0 | D:1      | Raurakos the Halfling Warper began the quest for the Orb.
     0 | D:1      | Reached XP level 1. HP: 14/14 MP: 3/3
   423 | D:1      | Reached XP level 2. HP: 19/19 MP: 4/4
   693 | D:2      | Found a shadowy altar of Dithmenos.
   696 | D:2      | Became a worshipper of Dithmenos the Shadowed
   738 | D:2      | Found a stormy altar of Qazlal.
  1153 | D:2      | Found an opulent altar of Gozag.
  1268 | D:1      | Reached skill level 4 in Short Blades
  1555 | D:2      | Noticed Terence
  1595 | D:2      | Learned a level 2 spell: Blink
  1684 | D:1      | Reached XP level 3. HP: 5/24 MP: 5/5
  1956 | D:2      | Learned a level 2 spell: Shroud of Golubria
  2014 | D:2      | Reached skill level 5 in Short Blades
  2192 | D:2      | Found a blossoming altar of Fedhas.
  2192 | D:2      | Found a glowing silver altar of Zin.
  2264 | D:2      | Reached XP level 4. HP: 29/29 MP: 6/6
  2466 | D:3      | Reached skill level 6 in Short Blades
  2587 | D:3      | Noticed Ijyb
  2658 | D:3      | Killed Ijyb
  2658 | D:3      | Reached XP level 5. HP: 24/34 MP: 7/7
  2866 | D:3      | Reached skill level 7 in Short Blades
  3055 | D:3      | Found a shattered altar of Ashenzari.
  3220 | D:3      | Reached XP level 6. HP: 34/39 MP: 8/8
  4023 | D:4      | Reached skill level 8 in Short Blades
  4104 | D:4      | Killed Terence
  4117 | D:4      | Found a staircase to the Ecumenical Temple.
  4162 | D:4      | Found a sand-covered staircase.
  4367 | Ossuary  | Entered an ossuary
  4622 | Ossuary  | Reached skill level 9 in Short Blades
  4681 | Ossuary  | Reached XP level 7. HP: 40/44 MP: 9/9
  4845 | Temple   | Entered the Ecumenical Temple
  4962 | D:4      | Acquired Dithmenos's first power
  5228 | D:4      | Reached skill level 10 in Short Blades
  5451 | D:4      | Reached skill level 1 in Slings
  5702 | D:4      | Upgraded the game from 0.17-a0-1475-g9f81d98 to 0.17-a0-1479-g4041c36
  5727 | D:5      | Entered Level 5 of the Dungeon
  5848 | D:5      | Reached XP level 8. HP: 49/49 MP: 10/10
  5896 | D:5      | Reached skill level 5 in Slings
  6266 | D:5      | Got a shimmering leather armour
  6292 | D:5      | Identified the +1 leather armour of Crawling {rCorr Stlth+} (You took it off an orc priest on level 5 of the Dungeon)
  6596 | D:5      | Found Soyloiq's Distillery.
  6613 | D:5      | Bought a potion of agility for 56 gold pieces
  6613 | D:5      | Bought a potion of curing for 42 gold pieces
  6613 | D:5      | Bought a potion of haste for 140 gold pieces
  6613 | D:5      | Bought a potion of curing for 42 gold pieces
  6613 | D:5      | Bought a potion of curing for 42 gold pieces
  6644 | D:5      | Noticed Duvessa
  6650 | D:5      | Learned a level 3 spell: Portal Projectile
  6651 | D:5      | Noticed Dowan
  6675 | D:5      | Killed Dowan
  6677 | D:5      | Killed Duvessa
  6869 | D:6      | Found a radiant altar of Vehumet.
  6913 | D:6      | Reached XP level 9. HP: 54/54 MP: 11/11
  6962 | D:6      | Acquired Dithmenos's second power
  7004 | D:6      | Reached skill level 10 in Slings
  7596 | D:6      | Reached skill level 5 in Dodging
  8485 | D:7      | Found a bloodstained altar of Trog.
  8497 | D:7      | Noticed Joseph
  9065 | D:7      | Learned a level 3 spell: Teleport Other
  9469 | D:8      | Acquired Dithmenos's third power
  9593 | D:8      | Reached XP level 10. HP: 37/60 MP: 12/12
  9868 | D:8      | Noticed Pikel
  9868 | D:8      | Found a sacrificial altar of Ru.
  9871 | D:8      | Killed Pikel
  9871 | D:8      | Reached skill level 10 in Dodging
  9880 | D:8      | Found a shadowy altar of Dithmenos.
 10245 | D:8      | Found a staircase to the Lair.
 10302 | D:8      | Noticed Erica
 10419 | D:8      | Reached skill level 5 in Translocations
 10466 | D:8      | Reached skill level 1 in Charms
 10630 | Lair:1   | Entered Level 1 of the Lair of Beasts
 11123 | Lair:1   | Noticed a black mamba
 11166 | Lair:1   | Killed a black mamba
 11394 | Lair:1   | Reached skill level 5 in Fighting
 11405 | Lair:1   | Reached XP level 11. HP: 65/71 MP: 13/13
 11976 | Lair:1   | Reached skill level 11 in Dodging
 12365 | Lair:1   | Reached skill level 12 in Dodging
 12872 | Lair:2   | Found a labyrinth entrance.
 12884 | Lab      | Entered a labyrinth
 13209 | Lab      | Reached skill level 13 in Dodging
 13865 | Lab      | Reached skill level 1 in Evocations
 14088 | Lab      | Found an exit through the horrors of the Abyss.
 14284 | Lab      | Found an exit through the horrors of the Abyss.
 14359 | Lab      | Noticed Oddysee's ghost (powerful GrFi)
 14405 | Lab      | Noticed an unseen horror
 14420 | Lab      | Noticed an unseen horror
 14439 | Lab      | Killed an unseen horror
 14460 | Lab      | Killed an unseen horror
 14460 | Lab      | Reached skill level 14 in Dodging
 14468 | Lab      | Noticed a minotaur
 14478 | Lab      | Killed a minotaur
 14478 | Lab      | Reached XP level 12. HP: 40/77 MP: 10/14
 14483 | Lab      | Got a scintillating garnet amulet
 14497 | Lab      | Identified a +0 pair of boots of running (You found it in a labyrinth)
 14502 | Lab      | Identified a +0 rod of shadows (9/9) (You found it in a labyrinth)
 14960 | Lair:2   | Noticed a six-headed hydra
 15356 | Lair:2   | Reached skill level 5 in Invocations
 15520 | Lair:2   | Got a twitching lapis lazuli ring
 15522 | Lair:2   | Identified the cursed ring of Moesorei {+Blink rF+ rC+ AC-2} (You found it on level 2 of the Lair of Beasts)
 15523 | Lair:2   | Identified the amulet "Urolun" {rMut rPois Str+4 Int-3} (You found it in a labyrinth)
 16924 | Lair:3   | Found a shimmering altar of Xom.
 17695 | Lair:4   | Noticed an eight-headed hydra
 17944 | Lair:2   | Killed a six-headed hydra
 18080 | Lair:4   | Reached XP level 13. HP: 88/90 MP: 16/16
 18457 | Lair:4   | Killed an eight-headed hydra
 18597 | Lair:4   | Found a staircase to the Swamp.
 18675 | Lair:4   | Reached skill level 10 in Fighting
 18756 | Lair:4   | Reached skill level 1 in Stealth
 19621 | Lair:5   | Got an encrusted scale mail
 19632 | Lair:5   | Identified the +6 scale mail of the Game of Kings {rPois Regen+ Str-2} (You found it on level 5 of the Lair of Beasts)
 19830 | Lair:5   | Reached skill level 5 in Stealth
 20328 | Lair:6   | Found a staircase to the Snake Pit.
 22444 | Lair:7   | Reached skill level 10 in Stealth
 23653 | Lair:7   | Reached XP level 14. HP: 87/99 MP: 17/17
 24639 | Lair:8   | Entered Level 8 of the Lair of Beasts
 24910 | Lair:8   | Found a staircase to the Slime Pits.
 24910 | Lair:8   | Found a viscous altar of Jiyva.
 26285 | Lair:8   | Acquired Dithmenos's fourth power
 26326 | Lair:8   | Reached skill level 15 in Stealth
 26409 | Lair:8   | Reached skill level 1 in Shields
 26751 | Lair:1   | Upgraded the game from 0.17-a0-1479-g4041c36 to 0.17-a0-1481-gfdcec5c
 26753 | Lair:1   | Identified a scroll of acquirement
 26754 | Lair:1   | Got a shimmering greatsling
 26755 | Lair:1   | Identified the +4 greatsling of Cunwyrint {venom, -Tele +Fly Int+4} (You acquired it on level 1 of the Lair of Beasts)
 26784 | D:8      | Killed Erica
 26845 | D:7      | Killed Joseph
 27048 | D:9      | Reached XP level 15. HP: 103/103 MP: 18/18
 27976 | D:10     | Entered Level 10 of the Dungeon
 28000 | D:10     | Reached skill level 5 in Shields
 29485 | D:12     | Noticed Nessos
 29488 | D:12     | Killed Nessos
 29488 | D:12     | Reached skill level 16 in Stealth
 30090 | D:12     | Found a staircase to the Orcish Mines.
 30119 | D:12     | Found a shimmering altar of Xom.
 30447 | Orc:1    | Entered Level 1 of the Orcish Mines
 30598 | Orc:1    | Found a roughly hewn altar of Beogh.
 30799 | Orc:1    | Reached skill level 17 in Stealth
 31100 | Orc:2    | Found a roughly hewn altar of Beogh.
 31976 | Orc:4    | Entered Level 4 of the Orcish Mines
 32005 | Orc:4    | Found a roughly hewn altar of Beogh.
 32163 | Orc:4    | Noticed Snorg
 32173 | Orc:4    | Killed Snorg
 32201 | Orc:4    | Found a staircase to the Elven Halls.
 32628 | Orc:3    | Noticed Nergalle
 32628 | Orc:3    | Noticed Rupert
 33382 | Orc:4    | Reached skill level 15 in Dodging
 33421 | Orc:4    | Paralysed by an orc sorcerer for 2 turns
 33560 | Orc:4    | Paralysed by an orc sorcerer for 3 turns
 33565 | Orc:4    | Found Naurufos's Book Shop.
 33565 | Orc:4    | Found Leroll's Book Emporium.
 33567 | Orc:4    | Found Cimetasm's Antique Armour Shop.
 33567 | Orc:4    | Found Caakhlosch's General Store.
 33844 | Lair:1   | Learned a level 6 spell: Deflect Missiles
 34041 | D:13     | Found Vynio's Antique Weapon Emporium.
 34132 | D:13     | Reached skill level 5 in Charms
 34427 | D:13     | Found a gate to the Vaults.
 34489 | D:13     | Reached XP level 16. HP: 109/109 MP: 19/19
 35437 | D:15     | Entered Level 15 of the Dungeon
 36034 | D:15     | Found a staircase to the Depths.
 36095 | D:15     | Reached skill level 10 in Charms
 36292 | D:15     | Reached skill level 1 in Air Magic
 37304 | Snake:1  | Entered Level 1 of the Snake Pit
 37366 | Snake:1  | Noticed Louise
 37375 | Snake:1  | Killed Louise
 37480 | Snake:1  | Reached skill level 5 in Air Magic
 37499 | Snake:1  | Got a faintly humming ring mail
 37510 | Snake:1  | Identified the +6 ring mail of Efuoppit {rC- MP+9 Str+2} (You found it on level 1 of the Snake Pit)
 37531 | Snake:1  | Found Tuikh's Antique Weapon Boutique.
 39965 | Snake:1  | Reached XP level 17. HP: 24/115 MP: 14/20
 43303 | Snake:3  | Noticed Wiglaf
 43307 | Snake:3  | Killed Wiglaf
 43368 | Snake:3  | Noticed Jorgrun
 43371 | Snake:3  | Killed Jorgrun
 44079 | Snake:4  | Entered Level 4 of the Snake Pit
 44782 | Snake:4  | Reached XP level 18. HP: 122/122 MP: 21/21
 48115 | Snake:4  | Reached skill level 15 in Charms
 50186 | Orc:4    | Bought a book of Air for 630 gold pieces
 50189 | Orc:4    | Learned a level 2 spell: Repel Missiles
 50193 | Orc:4    | Learned a level 2 spell: Swiftness
 51929 | Snake:4  | Reached XP level 19. HP: 88/131 MP: 25/25
 52544 | Snake:4  | Reached skill level 10 in Invocations
 54376 | Snake:4  | Got a serpentine rune of Zot
 54732 | Swamp:1  | Entered Level 1 of the Swamp
 54739 | Swamp:1  | Noticed nubinia's ghost (powerful TeFE)
 54924 | Swamp:1  | Killed nubinia's ghost
 55279 | Swamp:1  | You fall through a shaft!
 55445 | Swamp:2  | Noticed Nikola
 55448 | Swamp:2  | Killed Nikola
 55448 | Swamp:2  | Reached skill level 5 in Armour
 56273 | Swamp:2  | Noticed Roxanne
 57613 | Swamp:3  | Reached XP level 20. HP: 137/137 MP: 27/27
 57887 | Swamp:3  | Reached skill level 10 in Armour
 57937 | Swamp:3  | HP: 6/137 [shambling mangrove (35)]
 58111 | Swamp:3  | Paralysed by a hornet for 2 turns
 58113 | Swamp:3  | HP: 5/137 [shambling mangrove (33)]
 58674 | Swamp:4  | Entered Level 4 of the Swamp
 60848 | Swamp:4  | Got a decaying rune of Zot
 61544 | Vaults:1 | Entered Level 1 of the Vaults
 61548 | Vaults:1 | Reached skill level 18 in Dodging
 61558 | Vaults:1 | Found Xowadd's General Store.
 61861 | Vaults:1 | Paralysed by a great orb of eyes for 4 turns
 62443 | D:13     | Reached skill level 5 in Evocations
 62448 | D:13     | Upgraded the game from 0.17-a0-1481-gfdcec5c to 0.17-a0-1485-g22cb0ee
 63267 | Vaults:1 | Got a bloodstained robe
 63315 | Vaults:1 | Identified the +2 robe of Grace {rPois MR- Int+2} (You took it off a deep elf fighter on level 1 of the Vaults)
 63422 | Vaults:1 | Paralysed by a great orb of eyes for 3 turns
 63803 | Vaults:1 | Reached XP level 21. HP: 141/143 MP: 26/28
 64842 | Vaults:2 | Found Micoteq's General Store.
 64848 | Vaults:2 | Bought a scroll of teleportation for 42 gold pieces
 64875 | Vaults:2 | Noticed Frederick
 64875 | Vaults:2 | Found a glowing silver altar of Zin.
 64937 | Vaults:1 | Killed Frederick
 65101 | Vaults:2 | Got an ancient buckler
 65112 | Vaults:2 | Identified the +0 buckler of Jagupt {-Tele rPois Str+8} (You acquired it on level 2 of the Vaults)
 65400 | Vaults:2 | Found Renlukh's Antique Weapon Emporium.
 65906 | Vaults:2 | Found Epnutet's General Store.
 65918 | Vaults:2 | Bought 17 sling bullets for 110 gold pieces
 66029 | Vaults:2 | Found Xiovvo's Jewellery Boutique.
 66037 | Vaults:2 | Bought an uncursed ring of invisibility for 540 gold pieces
 66830 | Vaults:3 | Found a staircase to the Crypt.
 66830 | Vaults:3 | Found a basalt altar of Yredelemnul.
 66832 | Vaults:3 | Found an ancient bone altar of Kikubaaqudgha.
 67187 | Vaults:3 | HP: 7/146 [vault warden/glaive of venom (11)]
 67252 | Vaults:2 | HP: 6/146 [white ugly thing (16)]
 67290 | Vaults:2 | Gained mutation: You are clumsy. (Dex -2) [mutagenic glow]
 67482 | Vaults:2 | Lost mutation: You are clumsy. (Dex -2) [potion of cure mutation]
 67962 | Vaults:3 | Reached skill level 10 in Evocations
 68242 | Vaults:3 | Reached XP level 22. HP: 153/153 MP: 29/29
 68957 | Vaults:3 | Cast into the Abyss (a deep elf demonologist)
 70161 | Abyss:3  | Got an abyssal rune of Zot
 70345 | Abyss:3  | Found a radiant altar of Vehumet.
 70483 | Abyss:3  | Reached skill level 15 in Fighting
 70500 | Abyss:3  | Paralysed by a great orb of eyes for 6 turns
 70565 | Vaults:3 | Escaped the Abyss
 70597 | Vaults:3 | Cast into the Abyss (a wizard)
 70647 | Vaults:3 | Escaped the Abyss
 71546 | Vaults:4 | Reached skill level 5 in Spellcasting
 72550 | Vaults:4 | Noticed Sojobo
 72551 | Vaults:4 | Reached XP level 23. HP: 162/162 MP: 29/34
 72553 | Vaults:4 | Killed Sojobo
 72647 | Vaults:3 | Gained mutation: You are resistant to electric shocks. [mutagenic glow]
 74195 | Depths:1 | Entered Level 1 of the Depths
 74220 | Depths:1 | Found a one-way gate to the infinite horrors of the Abyss.
 74482 | Depths:1 | Found Orup's Distillery.
 74519 | Depths:1 | Bought a potion of heal wounds for 60 gold pieces
 74979 | Depths:1 | Reached skill level 19 in Stealth
 74999 | Depths:1 | Found a gateway to Hell.
 75518 | Depths:2 | Found Getwerhomo's Jewellery Emporium.
 75638 | Depths:2 | Reached skill level 20 in Stealth
 75835 | Depths:2 | Found Defos's Distillery.
 75862 | Depths:2 | Learned a level 3 spell: Dazzling Spray
 75896 | Depths:2 | Reached skill level 1 in Hexes
 75896 | Depths:2 | Reached XP level 24. HP: 171/171 MP: 34/35
 76131 | Depths:2 | Noticed Margery
 76133 | Depths:2 | Reached skill level 5 in Hexes
 76142 | Depths:2 | Reached skill level 1 in Conjurations
 76589 | Depths:1 | Killed Margery
 76993 | Depths:2 | Reached skill level 5 in Conjurations
 77029 | Depths:2 | Noticed Saint Roka
 77034 | Depths:2 | Killed Saint Roka
 77062 | Depths:2 | Got a warped bronze ring
 77063 | Depths:2 | Identified the ring "Byr Saff" {rC++ rN+ Stlth-} (You found it on level 2 of the Depths)
 77472 | Depths:2 | Paralysed by a vampire knight for 6 turns
 77511 | Depths:2 | Paralysed by a vampire knight for 3 turns
 77843 | Depths:1 | Got a shimmering steel ring
 77882 | Depths:2 | Reached skill level 21 in Stealth
 78013 | Depths:2 | Found a gateway to a ziggurat.
 78137 | Depths:2 | Identified the ring "Imathy" {MR+ Dex+2 Stlth+} (You took it off a skeletal warrior on level 1 of the Depths)
 78139 | Depths:2 | Got a steaming bronze ring
 78140 | Depths:2 | Identified the ring "Xockea" {+Blink +Inv rElec EV+5 Dex-5} (You took it off a vampire knight on level 2 of the Depths)
 78241 | Depths:2 | Got a fine silver ring
 78242 | Depths:2 | Identified the ring "Laec" {Wiz +Inv Str-3 Int+3} (You took it off a merfolk aquamancer on level 2 of the Depths)
 78285 | Depths:3 | Found Viojuets's Armour Emporium.
 78289 | Depths:3 | Bought a +2 cloak of invisibility for 279 gold pieces
 78811 | Depths:3 | Reached XP level 25. HP: 164/177 MP: 29/35
 78921 | Depths:3 | Found a one-way gate leading to the halls of Pandemonium.
 79294 | Depths:3 | Reached skill level 10 in Shields
 81034 | Depths:3 | Noticed Jory
 81781 | Depths:3 | Killed Jory
 82313 | Depths:4 | Reached skill level 15 in Shields
 83091 | Depths:4 | Reached XP level 26. HP: 169/183 MP: 34/35
 83184 | Depths:4 | Identified the Incunabulum of Attacks and the Glacier
 83400 | Depths:4 | Cast into the Abyss (an ogre mage)
 83445 | Depths:4 | Escaped the Abyss
 83919 | Depths:5 | Entered Level 5 of the Depths
 84118 | Depths:5 | Found a corrupted altar of Lugonu.
 84775 | Depths:5 | Noticed the Enchantress
 84849 | Depths:4 | Killed the Enchantress
 84878 | Depths:4 | Got a faerie dragon armour
 84879 | Depths:4 | Identified the +1 faerie dragon armour {SInv Clar} (You took it off the Enchantress on level 4 of the Depths)
 85682 | Depths:5 | Noticed Fusha's ghost (legendary NaGl)
 86455 | Depths:5 | Paralysed by a vampire knight for 4 turns
 86481 | Depths:5 | Found a gate to the Realm of Zot.
 86488 | Zot:1    | Entered Level 1 of the Realm of Zot
 86665 | Zot:1    | Noticed an orb of fire
 87157 | Zot:2    | Reached XP level 27. HP: 189/189 MP: 35/35
 88636 | Zot:3    | Learned a level 6 spell: Haste
 88873 | Zot:3    | You fall through a shaft!
 89522 | Zot:3    | HP: 4/191 [deathcap/drain life[a curse toe] (16)]
 89523 | Zot:3    | Killed from afar by a deathcap

Vault maps used:
D:1:      roderic_dead_forest
D:2:      lemuel_doored_altar, gammafunk_temple_overflow_elements,
          grunt_qazlal_sundering, first_bread, nicolae_gozag_seed_capital,
          uniq_terence
D:3:      serial_undead, serial_undead_c, serial_undead_a, serial_undead_a,
          serial_undead_c, corexii_corridor_pit, ashenzari_altar_1, uniq_iyjb
D:4:      temple_statues, nicolae_ossuary_entry_giza
D:5:      serial_shops, shop, uniq_duvessa
D:6:      vehumet_statue, kennysheep_generic_room_13
D:7:      kennysheep_little_box, uniq_joseph
D:8:      overflow_temple_1_default, grunt_lair_entry_elf_guard_hut,
          basic_altar, uniq_erica, uniq_pikel
D:12:     zombieorc1_lemuel, basic_altar, grunt_pizzeria, uniq_nessos
D:13:     david_vaults_1, serial_glass, glass_columns_b, glass_columns_c,
          serial_shops, kennysheep_mini
D:14:     grunt_decor_mini_mirrors
D:15:     grunt_enter_depths_giant_problem, corexii_corridor_pit,
          serial_bayou_pond_d
Temple:   circular_temple_12
Lair:1:   lemuel_reptile_caves, serial_bayou_crossing
Lair:2:   portal_ice_cave_entry_imps, lab_entry_generic,
          infiniplex_staircase_pool, serial_bayou_shore_a
Lair:3:   lemuel_centaur_altar
Lair:4:   minmay_swamp_entry_wisps, lemuel_fruit_tree
Lair:6:   minmay_snake_entry_guardpost_small, grunt_megastairs_1
Lair:7:   minmay_holes, infiniplex_staircase_pool_2
Lair:8:   minmay_lair_end_enchanted_forest, slime_altar_1
Swamp:1:  evilmike_swamp_ruin_house_5, swamp_pool1
Swamp:2:  serial_swamp_ruin, evilmike_swamp_ruin_house_2,
          evilmike_swamp_ruin_house_3, uniq_nikola, uniq_roxanne
Swamp:3:  evilmike_swamp_ruin_house_4, swamp_pool4, nicolae_swamp_rocky_clearing
Swamp:4:  swamp_alternative
Snake:1:  serial_shops, nicolae_shop_overgrown_old_shop, uniq_louise
Snake:2:  serial_bayou_shore_b
Snake:3:  spider_trap, uniq_jorgrun, uniq_wiglaf
Snake:4:  grunt_snake_rune_spirals
Orc:1:    basic_altar
Orc:2:    basic_altar
Orc:3:    nicolae_orc_pool_cavern, uniq_nergalle, uniq_rupert
Orc:4:    grunt_orc_tribal_feast, basic_altar, uniq_snorg
Vaults:1: grunt_vaults_hallway_short, nicolae_vaults_yaktaur_gun_rack,
          vaults_dpeg_spiral, nicolae_vaults_big_angled_halls,
          ontoclasm_vaults_chip, nicolae_vaults_ring_of_whatevers, serial_ice_b,
          st_quartered_hall, v_misc_25, dpeg_vaults_monster_box, v_misc_13,
          nicolae_vaults_rhombus_5, serial_shops, shop
Vaults:2: hangedman_vaults_trim, grunt_vaults_diagonal, vaults_dpeg_cross,
          vaults_room_guarded_vault, ontoclasm_vaults_idyll,
          ontoclasm_vaults_hangar, nicolae_vaults_ring_of_whatevers,
          basic_altar, serial_shops, shop, shop, shop, nicolae_shop_crystal,
          uniq_frederick
Vaults:3: v_alt_pattern_2, hangedman_vaults_stretched_pinwheel,
          minmay_crypt_entry_necro_gods, v_misc_12, v_misc_2,
          vaults_mumra_minichess_inversion, v_pattern_3,
          nicolae_vaults_little_squares_1, ontoclasm_vaults_ring_square,
          nicolae_vaults_little_squares_4, vaults_room_corners
Vaults:4: vaults_room_fours, nicolae_vaults_c_with_doors,
          nicolae_vaults_little_squares_2, nicolae_vaults_ninety_degrees,
          grunt_vaults_focal, nicolae_vaults_disjoint_gnomons,
          nicolae_vaults_diagonal_hallway_7, vaults_dpeg_doors,
          ontoclasm_vaults_ring_square, hangedman_vaults_corner_blocks,
          vaults_room_large_hall, hangedman_vaults_nails,
          nicolae_vaults_shelves_hall, nicolae_vaults_little_squares_6,
          uniq_sojobo
Depths:1: serial_shops, shop, abyss_entry, minmay_misc_feat_chi, hell_entry,
          kennysheep_small_square, serial_bayou_shore_b,
          roderic_lattice_octagonal_star, kennysheep_random_hallway
Depths:2: hangedman_spin_cycle, serial_shops, hell_entry
Depths:3: due_jory_tower, hangedman_decor_points, grunt_hell_horde,
          serial_shops, shop, grunt_pan_entry_in_and_out, st_stairs_3, hex_tiny,
          serial_sigils_hangedman_writhe, kb_rosetta, infiniplex_staircase_star
Depths:4: hangedman_opposites_gauntlet, serial_bayou_lagoon_a,
          nicolae_abyss_entry_one_way_or_another, hell_entry,
          infiniplex_staircase_zigzag_3
Depths:5: evilmike_zot_entry_hall, hangedman_abyss_or_decor_passed,
          abyss_entry_flame_altar, grunt_hell_entry_dis_old, uniq_enchantress
Zot:1:    basic_altar
Zot:2:    circus_mu, st_small_dragon_hoard_3
Zot:4:    hangedman_zot_vaults_quadrants, st_single_dragon_hoard_4
Abyss:1:  minivault_19
Abyss:3:  minivault_1
Lab:      nicolae_lab_dead_end, nicolae_lab_x, lab_block,
          nicolae_lab_flowing_pool, lab_hedge, nicolae_lab_plus, lab_fountain,
          nicolae_lab_stuck
Ossuary:  ossuary_the_hunt_dpeg

Action                   |  1- 3 |  4- 6 |  7- 9 | 10-12 | 13-15 | 16-18 | 19-21 | 22-24 | 25-27 || total
-------------------------+-------+-------+-------+-------+-------+-------+-------+-------+-------++-------
Melee: Short sword       |   119 |   247 |    33 |       |       |       |       |       |       ||   399
       Dagger            |       |   139 |   696 |  1523 |  2321 |     5 |    43 |       |       ||  4727
       Rapier            |       |       |       |    29 |  1178 |  1792 |  2592 |  2097 |  2397 || 10085
       Quick blade       |       |       |       |       |       |       |       |    11 |       ||    11
 Fire: Hunting sling     |    20 |       |    27 |   101 |   109 |       |       |       |       ||   257
       Greatsling        |       |       |       |       |    31 |   291 |   140 |    67 |    38 ||   567
Throw: Stone             |    44 |       |    14 |     1 |       |       |       |       |       ||    59
       Throwing net      |       |       |       |       |       |     1 |       |       |       ||     1
 Cast: Shroud of Golubri |       |       |       |     5 |     7 |    11 |     7 |     5 |     6 ||    41
       Apportation       |       |       |       |     2 |     3 |     6 |     3 |     3 |     3 ||    20
       Blink             |       |       |       |     3 |     6 |    12 |    13 |     8 |    16 ||    58
       Teleport Other    |       |       |       |     1 |       |       |       |       |       ||     1
       Portal Projectile |       |       |       |       |     1 |     2 |     2 |     1 |       ||     6
       Repel Missiles    |       |       |       |       |       |     3 |     8 |     6 |     4 ||    21
       Dazzling Spray    |       |       |       |       |       |       |       |    42 |    31 ||    73
       Swiftness         |       |       |       |       |       |       |       |     1 |       ||     1
Invok: Shadow Step       |       |       |     2 |    21 |    16 |    19 |    12 |    12 |    10 ||    92
       Shadow Form       |       |       |       |       |       |       |     3 |     1 |       ||     4
 Abil: Evoke Flight      |       |       |       |       |       |       |     1 |       |       ||     1
       Evoke Invisibilit |       |       |       |       |       |       |    10 |    44 |    26 ||    80
       Evoke Blink       |       |       |       |       |       |       |       |     1 |       ||     1
Evoke: Wand              |       |       |       |     1 |       |       |     2 |     1 |       ||     4
  Use: Scroll            |       |     4 |     1 |    15 |    22 |    10 |    13 |     8 |     9 ||    82
       Potion            |       |       |       |     4 |     1 |     4 |     5 |       |     5 ||    19
 Stab: Sleeping          |       |     3 |    17 |    29 |   168 |    87 |   112 |   113 |   133 ||   662
       Distracted        |       |     1 |       |     1 |    21 |    23 |    23 |    27 |    21 ||   117
       Held in net/web   |       |     1 |       |       |       |       |       |       |       ||     1
       Fleeing           |       |       |       |       |     1 |       |       |       |       ||     1
       Confused          |       |       |       |       |       |       |     1 |     1 |     1 ||     3
       Invisible         |       |       |       |       |       |       |    10 |   121 |    81 ||   212
  Eat: Meat ration       |     1 |       |       |       |       |       |       |     1 |     1 ||     3
       Chunk             |       |     6 |    17 |    20 |    66 |    27 |    39 |    58 |    56 ||   289
       Bread ration      |       |       |       |     2 |     1 |     6 |     6 |       |       ||    15
       Pizza             |       |       |       |       |     1 |     2 |     3 |     1 |       ||     7
       Beef jerky        |       |       |       |       |     1 |     1 |       |     4 |     1 ||     7
